cohdb
Replays
Latest Replays
All Replays
Popular Replays
Top Player Replays
Match Explorer
How It Works
Community
CoH3 Stats
Reddit
Sign in to upload your games and track your stats! →
Sign in with Steam
lucky mvp sniper on twin beaches
Match 22739827
Overview
Messages
Build Orders
End
Selects Airborne Battlegroup
Selects Pathfinders
Pathfinder Squad
Construct Barracks
Riflemen Squad
Riflemen Squad
Riflemen Squad
Infantry Support Center
Selects Paratrooper Squad Paradrop
Construct Motor Pool
M8 Greyhound Armored Car
Construct Medical Station
Selects Anti-tank Gun Team Paradrop
Engineer Squad
M8 Greyhound Armored Car
Anti-tank Gun Team Paradrop
Selects Recon Loiter
Construct Tank Depot
M4(105) Sherman Bulldozer
Advanced Logistics
M1918 Browning Automatic Rifles
Riflemen Squad
Selects Supply Drop
Munitions Surplus
Grenade Package
Engineer Squad
M18 Hellcat Tank Destroyer
Riflemen Squad
Supply Drop
M4(105) Sherman Bulldozer
Anti-tank Gun Team Paradrop
Calyon
KD | AlfredJodocusKwak
0
0
Comments
sign in to comment!
No comments posted yet!